 Dungeon Crawl Stone Soup version 0.17.1-1-g73c8601 (webtiles) character file.

72 Nyvrem the Changer (level 4, -2/28 HPs)
             Began as an Octopode Transmuter on Dec 26, 2015.
             Slain by Sigmund
             ... wielding a +0 scythe of protection
              (9 damage)
             ... on level 2 of the Dungeon.
             The game lasted 00:03:56 (1912 turns).

Nyvrem the Changer (Octopode Transmuter)            Turns: 1912, Time: 00:03:56

Health: -2/28      AC:  1    Str:  9    XL:     4   Next: 25%
Magic:  16/16      EV: 12    Int: 15    God:
Gold:   33         SH:  0    Dex: 13    Spells: 2 memorised, 3 levels left

rFire  . . .     SeeInvis .       - Unarmed
rCold  . . .     Clarity  .     (no shield)
rNeg   . . .     SustAt   .     (helmet restricted)
rPois  .         Gourm    .     (no amulet)
rElec  .         Spirit   .     g - ring of magical power
rCorr  .         Warding  .     (no ring)
rMut   .         Stasis   .     (no ring)
MR     .....                    (no ring)
Stlth  +++.......               (no ring)
                                (no ring)
                                (no ring)
                                (no ring)

@: not resistant to hostile enchantments, fairly stealthy
A: almost no armour, amphibious, 8 rings, constrict 8, camouflage 1, gelatinous
body 1
a: no special abilities


You were on level 2 of the Dungeon.
You were hungry.

You visited 1 branch of the dungeon, and saw 2 of its levels.

You collected 33 gold pieces.

Inventory:

Missiles
 a - 12 arrows
Jewellery
 g - a ring of magical power (left tentacle)
Scrolls
 e - a scroll of random uselessness {unknown}
Potions
 d - 3 potions of curing {unknown}
Books
 b - a book of Changes

   Spells                             Type                      Level
   a - Beastly Appendage              Transmutation                1
   b - Sticks to Snakes               Transmutation                2
   c - Spider Form                    Transmutation/Poison         3
   d - Ice Form                       Ice/Transmutation            4
   e - Blade Hands                    Transmutation                5
Comestibles
 c - 3 bread rations
 f - 3 fruits


   Skills:
 + Level 1.2 Fighting
 + Level 2.2 Dodging
 + Level 1.3 Stealth
 + Level 3.2 Unarmed Combat
 + Level 2.1 Spellcasting
 + Level 3.7 Transmutations


You had 3 spell levels left.
You knew the following spells:

 Your Spells              Type           Power        Failure   Level  Hunger
a - Beastly Appendage     Trmt           ##....       6%          1    #......
b - Spider Form           Trmt/Pois      #.........   34%         3    ###....


Dungeon Overview and Level Annotations

Branches:
Dungeon (2/15)

Altars:

Annotations:
D:2 Sigmund


Innate Abilities, Weirdness & Mutations

You cannot wear most types of armour.
You are amphibious.
You can wear up to eight rings at the same time.
You can use your tentacles to constrict eight enemies at once.
Your skin changes colour to match your surroundings (Stealth).
Your rubbery body absorbs attacks (AC +1).


Message History

Sigmund points at you and mumbles some strange words.
You resist with some effort.
You see here a whip.
You feel your magic capacity increase.
g - a ring of magical power (left tentacle)
You start resting.
Your magical contamination has completely faded away.
You start resting.
You are feeling hungry.
You start resting.
You start resting.
Sigmund gestures at you while chanting. The puff of flame hits you!
* * * LOW HITPOINT WARNING * * *
Sigmund gestures wildly while chanting.
Sigmund flickers and vanishes!
Deactivating autopickup; reactivate with Ctrl-A.
You start resting.
Something hits you!
You die...

#.# #...............# #.# ###
#.#####.#######@#### #.###.# #.#
#....†..# #
##.....###.#####.####..)...######
.#..##.#.#............@#.#......#
.#..##.#.#.###.#######.#...†##.##
.#####.#.# #.#.{...#.#.........
.........# #.#.###.#.#.#.#.####
.#####.#.#####.#@# #.#.#.........
.# #.#.......#.###{#.#.#.#.####
######.#.#######.........#.#....<
#......#.# #.......#.#.#..###
#.###..#########.......#.#.#.....
#.##.......(......######.#@#.....
#.###..#.######....# . ..#.......
#.# #.........#.#..# .!..#..#....
#.# ##.#.#### #.#..# #...........


There were no monsters in sight!

Vanquished Creatures
  Terence (D:2)
  An adder (D:1)
  An ooze (D:2)
  5 bats
  3 giant cockroaches
  6 hobgoblins
  6 kobolds
  3 giant newts
  4 goblins (D:1)
  3 rats
33 creatures vanquished.

Notes
Turn   | Place    | Note
--------------------------------------------------------------
     0 | D:1      | Nyvrem the Octopode Transmuter began the quest for the Orb.
     0 | D:1      | Reached XP level 1. HP: 13/13 MP: 3/3
   373 | D:1      | Reached XP level 2. HP: 16/18 MP: 3/5
  1078 | D:1      | Reached XP level 3. HP: 12/23 MP: 6/6
  1279 | D:1      | Learned a level 3 spell: Spider Form
  1377 | D:2      | Noticed Terence
  1391 | D:2      | Killed Terence
  1391 | D:2      | Reached skill level 1 in Stealth
  1391 | D:2      | Reached XP level 4. HP: 13/28 MP: 4/7
  1783 | D:2      | Noticed Sigmund
  1912 | D:2      | Slain by Sigmund

Action                   |  1- 3 |  4- 6 || total
-------------------------+-------+-------++-------
Melee: Unarmed           |    82 |    14 ||    96
 Cast: Beastly Appendage |     7 |     4 ||    11
       Spider Form       |     1 |       ||     1
 Stab: Sleeping          |     4 |     4 ||     8
  Eat: Chunk             |     2 |     1 ||     3
